TOP OF THE 1ST |
Mexico City Cerveceros batting - Pitching for Las Vegas Stars : RHP Alberto Márquez
|
Pitching: RHP Alberto Márquez
|
|
Batting: RHB Juan Estrada
|
0-0: Ball 1-0: Ball 2-0: Ball 3-0: Called Strike 3-1: Foul Ball, location: 2F 3-2: Foul Ball, location: 2F 3-2: Strikes out looking
|
Batting: RHB John Dinkins
|
0-0: Ground out 6-3 (Groundball, 6S)
|
Batting: LHB Mike Harris
|
0-0: Ball 1-0: Fly out, F9 (Flyball, 9LM)
|
Top of the 1st over - 0 runs, 0 hits, 0 errors, 0 left on base; Mexico City 0 - Las Vegas 0 |
BOTTOM OF THE 1ST |
Las Vegas Stars batting - Pitching for Mexico City Cerveceros : RHP Li-cong Sima
|
Pitching: RHP Li-cong Sima
|
|
Batting: RHB Augusto Trevino
|
0-0: Ball 1-0: Called Strike 1-1: Swinging Strike 1-2: Ball 2-2: Ball 3-2: Strikes out looking
|
Batting: SHB Júlio Salazar
|
0-0: Ball 1-0: Foul Ball, location: 2F 1-1: Foul Ball, location: 2F 1-2: Ball 2-2: Foul Ball, location: 2F 2-2: Ball 3-2: Foul Ball, location: 2F 3-2: DOUBLE (Line Drive, 9LD)
|
Batting: LHB Paco Rivera
|
0-0: Fly out, F4 (Popup, 4D)
|
Batting: LHB Phil Smith
|
0-0: Ball 1-0: Ground out 4-3 (Groundball, 34D)
|
Bottom of the 1st over - 0 runs, 1 hit, 0 errors, 1 left on base; Mexico City 0 - Las Vegas 0 |
TOP OF THE 2ND |
Mexico City Cerveceros batting - Pitching for Las Vegas Stars : RHP Alberto Márquez
|
Batting: LHB Dan Hamilton
|
0-0: Ball 1-0: Ball 2-0: Called Strike 2-1: Ball 3-1: Base on Balls
|
Batting: RHB Esteban Concepción
|
0-0: Called Strike 0-1: Swinging Strike 0-2: Reached on error, E3 (Groundball, 34) Dan Hamilton to second
|
Batting: RHB Henning Huisman
|
0-0: Ball 1-0: Fly out, F8 (Flyball, 8LS)
|
Batting: LHB John Bond
|
0-0: Called Strike 0-1: Ball 1-1: Foul Ball, location: 2F 1-2: Ball 2-2: Strikes out swinging
|
Batting: RHB Robinson Pacheco
|
0-0: Swinging Strike 0-1: Ball 1-1: SINGLE (Groundball, 6MD) Dan Hamilton to third Esteban Concepción to second Runner from 3rd tries for Home, SAFE, throw made home
|
Batting: RHB Eliot James
|
0-0: Swinging Strike 0-1: Ball 1-1: Ball 2-1: SINGLE (Flyball, 8RS) Esteban Concepción to third Robinson Pacheco to second Runner from 3rd tries for Home, SAFE, no throw
|
Batting: RHB Juan Estrada
|
0-0: Ball 1-0: Ball 2-0: Called Strike 2-1: Foul Ball, location: 2F 2-2: SINGLE (Flyball, 9LS) Robinson Pacheco to third Eliot James to second Runner from 3rd tries for Home, SAFE, no throw
|
Batting: RHB John Dinkins
|
0-0: Ball 1-0: Ball 2-0: Ball 3-0: Called Strike 3-1: Called Strike 3-2: Foul Ball, location: 2F 3-2: Ground out 1-3 (Groundball, P)
|
Top of the 2nd over - 3 runs, 3 hits, 1 error, 2 left on base; Mexico City 3 - Las Vegas 0 |
BOTTOM OF THE 2ND |
Las Vegas Stars batting - Pitching for Mexico City Cerveceros : RHP Li-cong Sima
|
Batting: RHB Ricardo Guzmán
|
0-0: Ball 1-0: Ball 2-0: Foul Ball, location: 2F 2-1: Ground out 6-3 (Groundball, 6M)
|
Batting: RHB Sam Wallace
|
0-0: Called Strike 0-1: Ball 1-1: Ball 2-1: Swinging Strike 2-2: Strikes out looking
|
Batting: SHB Enrique Uribe
|
0-0: Called Strike 0-1: Foul Ball, location: 2F 0-2: Strikes out swinging
|
Bottom of the 2nd over - 0 runs, 0 hits, 0 errors, 0 left on base; Mexico City 3 - Las Vegas 0 |
TOP OF THE 3RD |
Mexico City Cerveceros batting - Pitching for Las Vegas Stars : RHP Alberto Márquez
|
Batting: LHB Mike Harris
|
0-0: Ball 1-0: Ground out 4-3 (Groundball, 4)
|
Batting: LHB Dan Hamilton
|
0-0: Ball 1-0: Called Strike 1-1: SINGLE (Groundball, 34D)
|
Batting: RHB Esteban Concepción
|
0-0: Ball 1-0: Swinging Strike 1-1: Called Strike 1-2: Ball 2-2: Foul Ball, location: 2F 2-2: Ball 3-2: Grounds into double play, 6-4-3 (Groundball, 6)
|
Top of the 3rd over - 0 runs, 1 hit, 0 errors, 0 left on base; Mexico City 3 - Las Vegas 0 |
BOTTOM OF THE 3RD |
Las Vegas Stars batting - Pitching for Mexico City Cerveceros : RHP Li-cong Sima
|
Batting: RHB Gilberto Silva
|
0-0: Ball 1-0: Foul Ball, location: 2F 1-1: Reached on error, E3 (Groundball, 34)
|
Batting: RHB Fernando Bórquez
|
0-0: SINGLE (Line Drive, 8LS) Gilberto Silva to third
|
Batting: RHB Augusto Trevino
|
0-0: Foul Ball, location: 2F 0-1: Foul Ball, location: 2F 0-2: Ball 1-2: Hit by Pitch Fernando Bórquez to second
|
Batting: SHB Júlio Salazar
|
0-0: Ball 1-0: Called Strike 1-1: Ball 2-1: Called Strike 2-2: Strikes out swinging
|
Batting: LHB Paco Rivera
|
0-0: Ball 1-0: Ball 2-0: Ball 3-0: Base on Balls Gilberto Silva scores Fernando Bórquez to third Augusto Trevino to second
|
Batting: LHB Phil Smith
|
0-0: Called Strike 0-1: Ball 1-1: DOUBLE (Flyball, 78D) Fernando Bórquez scores Augusto Trevino scores Paco Rivera to third Runner from 3rd tries for Home, SAFE, no throw
|
Batting: RHB Ricardo Guzmán
|
0-0: SINGLE (Groundball, 56D) Phil Smith to third Runner from 3rd tries for Home, SAFE, no throw
|
Batting: RHB Sam Wallace
|
0-0: Ball 1-0: Called Strike 1-1: Fly out, F9 (Flyball, 9LM)
|
Batting: SHB Enrique Uribe
|
0-0: Ball 1-0: Fly out, F7 (Flyball, 7)
|
Bottom of the 3rd over - 5 runs, 3 hits, 1 error, 1 left on base; Mexico City 3 - Las Vegas 5 |
TOP OF THE 4TH |
Mexico City Cerveceros batting - Pitching for Las Vegas Stars : RHP Alberto Márquez
|
Batting: RHB Henning Huisman
|
0-0: Ground out 5-3 (Groundball, 56)
|
Batting: LHB John Bond
|
0-0: Called Strike 0-1: Ball 1-1: Ground out 6-3 (Groundball, 6S)
|
Batting: RHB Robinson Pacheco
|
0-0: Ball 1-0: Ball 2-0: Called Strike 2-1: Called Strike 2-2: Ball 3-2: SINGLE (Groundball, 56D)
|
Batting: RHB Eliot James
|
0-0: Foul Ball, location: 2F 0-1: Ball 1-1: SINGLE (Groundball, 34) (infield hit) Robinson Pacheco to second
|
Batting: RHB Juan Estrada
|
0-0: Ball 1-0: Called Strike 1-1: Called Strike 1-2: Ball 2-2: Strikes out swinging
|
Top of the 4th over - 0 runs, 2 hits, 0 errors, 2 left on base; Mexico City 3 - Las Vegas 5 |
BOTTOM OF THE 4TH |
Las Vegas Stars batting - Pitching for Mexico City Cerveceros : RHP Li-cong Sima
|
Batting: RHB Gilberto Silva
|
0-0: Ground out 6-3 (Groundball, 56)
|
Batting: RHB Fernando Bórquez
|
0-0: Hit by Pitch
|
Batting: RHB Augusto Trevino
|
0-0: Foul Ball, location: 2F 0-1: Foul Ball, location: 2F 0-2: Ball 1-2: Ball Fernando Bórquez steals 2nd base 2-2: Foul Ball, location: 2F 2-2: Foul Ball, location: 2F 2-2: Ball 3-2: Fly out, F6 (Line Drive, 6)
|
Batting: SHB Júlio Salazar
|
0-0: Foul Ball, location: 2F 0-1: Called Strike 0-2: Foul Ball, location: 2F 0-2: Foul Ball, location: 2F 0-2: Ball 1-2: Strikes out swinging
|
Bottom of the 4th over - 0 runs, 0 hits, 0 errors, 1 left on base; Mexico City 3 - Las Vegas 5 |
TOP OF THE 5TH |
Mexico City Cerveceros batting - Pitching for Las Vegas Stars : RHP Alberto Márquez
|
Batting: RHB John Dinkins
|
0-0: DOUBLE (Line Drive, 9D)
|
Batting: LHB Mike Harris
|
0-0: Foul Ball, location: 2F 0-1: Foul Ball, location: 2F 0-2: Strikes out swinging
|
Batting: LHB Dan Hamilton
|
0-0: Ball 1-0: Foul Ball, location: 2F 1-1: Swinging Strike 1-2: Ball 2-2: Strikes out swinging
|
Batting: RHB Esteban Concepción
|
0-0: Fly out, F7 (Line Drive, 78M)
|
Top of the 5th over - 0 runs, 1 hit, 0 errors, 1 left on base; Mexico City 3 - Las Vegas 5 |
BOTTOM OF THE 5TH |
Las Vegas Stars batting - Pitching for Mexico City Cerveceros : RHP Li-cong Sima
|
Batting: LHB Paco Rivera
|
0-0: Called Strike 0-1: Ball 1-1: Called Strike 1-2: Ball 2-2: Fly out, F7 (Flyball, 7LS)
|
Batting: LHB Phil Smith
|
0-0: Foul Ball, location: 2F 0-1: Foul Ball, location: 2F 0-2: Ball 1-2: SINGLE (Groundball, 34D)
|
Batting: RHB Ricardo Guzmán
|
0-0: Called Strike 0-1: Ball 1-1: Ball 2-1: SINGLE (Groundball, 6) (infield hit) Phil Smith to second
|
Batting: RHB Sam Wallace
|
0-0: Ball 1-0: Ball 2-0: Foul Ball, location: 2F 2-1: Ball 3-1: Called Strike 3-2: Foul Ball, location: 2F 3-2: Fly out, F8 (Flyball, 8LD)
|
Batting: SHB Enrique Uribe
|
0-0: Fly out, F5 (Line Drive, 56)
|
Bottom of the 5th over - 0 runs, 2 hits, 0 errors, 2 left on base; Mexico City 3 - Las Vegas 5 |
TOP OF THE 6TH |
Mexico City Cerveceros batting - Pitching for Las Vegas Stars : RHP Alberto Márquez
|
Batting: RHB Henning Huisman
|
0-0: Foul Ball, location: 2F 0-1: Ground out 5-3 (Groundball, 56)
|
Batting: LHB John Bond
|
0-0: Ball 1-0: Foul Ball, location: 2F 1-1: Swinging Strike 1-2: Fly out, F7 (Flyball, 7S)
|
Batting: RHB Robinson Pacheco
|
0-0: Foul Ball, location: 2F 0-1: Ground out 5-3 (Groundball, 56)
|
Top of the 6th over - 0 runs, 0 hits, 0 errors, 0 left on base; Mexico City 3 - Las Vegas 5 |
BOTTOM OF THE 6TH |
Las Vegas Stars batting - Pitching for Mexico City Cerveceros : RHP Li-cong Sima
|
Batting: RHB Gilberto Silva
|
0-0: Ball 1-0: Ball 2-0: Fly out, F7 (Flyball, 7S)
|
Batting: RHB Fernando Bórquez
|
0-0: Ball 1-0: Fly out, F8 (Flyball, 78S)
|
Batting: RHB Augusto Trevino
|
0-0: Called Strike 0-1: Ball 1-1: Ball 2-1: Foul Ball, location: 2F 2-2: Ground out U3 (Groundball, 34)
|
Bottom of the 6th over - 0 runs, 0 hits, 0 errors, 0 left on base; Mexico City 3 - Las Vegas 5 |
TOP OF THE 7TH |
Mexico City Cerveceros batting - Pitching for Las Vegas Stars : RHP Alberto Márquez
|
Batting: RHB Eliot James
|
0-0: Foul Ball, location: 2F 0-1: Fly out, F4 (Line Drive, 4)
|
Batting: RHB Juan Estrada
|
0-0: Swinging Strike 0-1: Ball 1-1: Ball 2-1: SINGLE (Popup, 3D)
|
Pitching: LHP Gian-Andrea Nota
|
|
Batting: RHB John Dinkins
|
0-0: Called Strike 0-1: Ball 1-1: Ball Juan Estrada steals 2nd base 2-1: Foul Ball, location: 2F 2-2: Strikes out swinging
|
Batting: LHB Mike Harris
|
0-0: Called Strike 0-1: Called Strike 0-2: Ball 1-2: Ball 2-2: Strikes out swinging
|
Top of the 7th over - 0 runs, 1 hit, 0 errors, 1 left on base; Mexico City 3 - Las Vegas 5 |
BOTTOM OF THE 7TH |
Las Vegas Stars batting - Pitching for Mexico City Cerveceros : RHP Li-cong Sima
|
Batting: SHB Júlio Salazar
|
0-0: Ball 1-0: Ground out 4-3 (Groundball, 4)
|
Pitching: RHP José Santos
|
|
Batting: LHB Paco Rivera
|
0-0: Foul Ball, location: 2F 0-1: SINGLE (Flyball, 9LS) - OUT at second base trying to stretch hit.
|
Pitching: LHP Jeremy Winston
|
|
Batting: LHB Phil Smith
|
0-0: Swinging Strike 0-1: Foul Ball, location: 2F 0-2: Ball 1-2: Foul Ball, location: 2F 1-2: Ball 2-2: Ball 3-2: Strikes out swinging
|
Bottom of the 7th over - 0 runs, 1 hit, 0 errors, 0 left on base; Mexico City 3 - Las Vegas 5 |
TOP OF THE 8TH |
Mexico City Cerveceros batting - Pitching for Las Vegas Stars : LHP Gian-Andrea Nota
|
Batting: LHB Dan Hamilton
|
0-0: DOUBLE (Flyball, 78D)
|
Batting: RHB Esteban Concepción
|
0-0: Ball 1-0: Ball 2-0: Foul Ball, location: 2F 2-1: Foul Ball, location: 2F 2-2: Strikes out swinging
|
Batting: RHB Henning Huisman
|
0-0: Ball 1-0: Called Strike 1-1: Foul Ball, location: 2F 1-2: Foul Ball, location: 2F 1-2: Ball 2-2: Ball 3-2: Base on Balls
|
Pinch Hitting: RHB Lee Price
|
0-0: SINGLE (Groundball, 56D) Dan Hamilton to third Henning Huisman to second Runner from 3rd tries for Home, SAFE, throw made home
|
Batting: RHB Robinson Pacheco
|
0-0: Called Strike 0-1: Ball 1-1: Foul Ball, location: 2F 1-2: Ball 2-2: Foul Ball, location: 2F 2-2: SINGLE (Groundball, 6MD) Henning Huisman to third Lee Price to second Runner from 3rd tries for Home, SAFE, no throw
|
Pitching: RHP Dema Mitenkov
|
|
Batting: RHB Eliot James
|
0-0: Ball 1-0: Called Strike 1-1: Ball 2-1: Grounds into double play, 6-4-3 (Groundball, 6)
|
Top of the 8th over - 2 runs, 3 hits, 0 errors, 1 left on base; Mexico City 5 - Las Vegas 5 |
BOTTOM OF THE 8TH |
Las Vegas Stars batting - Pitching for Mexico City Cerveceros : LHP Jeremy Winston
|
Pitching: LHP Ben Johnston
|
|
Now at 1B: Tim Adkins
|
|
Pinch Hitting: RHB Alonso Holguín
|
0-0: Called Strike 0-1: Ball 1-1: Ball 2-1: Ball 3-1: Called Strike 3-2: Foul Ball, location: 2F 3-2: Ground out U3 (Groundball, 3)
|
Batting: RHB Sam Wallace
|
0-0: Ball 1-0: Called Strike 1-1: SOLO HOME RUN (Line Drive, 7LD), Distance : 393 ft
|
Batting: SHB Enrique Uribe
|
0-0: Ball 1-0: Called Strike 1-1: Called Strike 1-2: Ground out 6-3 (Groundball, 6)
|
Batting: RHB Gilberto Silva
|
0-0: Ball 1-0: Ball 2-0: Ball 3-0: Called Strike 3-1: Foul Ball, location: 2F 3-2: TRIPLE (Flyball, 9LD)
|
Pinch Hitting: RHB Juan Valverde
|
0-0: Called Strike 0-1: Called Strike 0-2: Ball 1-2: Ball 2-2: Ball 3-2: Base on Balls
|
Batting: RHB Augusto Trevino
|
0-0: 3-RUN HOME RUN (Flyball, 78XD), Distance : 419 ft
|
Pitching: RHP David Sheppard
|
|
Batting: SHB Júlio Salazar
|
0-0: Called Strike 0-1: Ball 1-1: Ball 2-1: Ground out 4-3 (Groundball, 4)
|
Bottom of the 8th over - 4 runs, 3 hits, 0 errors, 0 left on base; Mexico City 5 - Las Vegas 9 |
TOP OF THE 9TH |
Mexico City Cerveceros batting - Pitching for Las Vegas Stars : RHP Dema Mitenkov
|
Now at SS: Gabriel Miranda
|
|
Now in RF: Alonso Holguín
|
|
Batting: RHB Juan Estrada
|
0-0: Called Strike 0-1: Ground out 5-3 (Groundball, 56S)
|
Batting: RHB John Dinkins
|
0-0: Ball 1-0: Ball 2-0: Ground out 5-3 (Groundball, 5S)
|
Batting: LHB Mike Harris
|
0-0: Swinging Strike 0-1: Ball 1-1: Ball 2-1: Foul Ball, location: 2F 2-2: Foul Ball, location: 2F 2-2: Strikes out swinging
|
Top of the 9th over - 0 runs, 0 hits, 0 errors, 0 left on base; Mexico City 5 - Las Vegas 9 |
|